 Dungeon Crawl Stone Soup version bcrawl-1.17.1 (webtiles) character file.

Game seed: 18332449698239338432

495 Freyura the Conjurer (level 7, -2/41 HPs)
             Began as a Fairy Conjurer on Oct 13, 2019.
             Slain by a hippogriff (6 damage)
             ... on level 4 of the Dungeon.
             The game lasted 00:17:13 (2441 turns).

Freyura the Conjurer (Fairy Conjurer)               Turns: 2441, Time: 00:17:14

Health: -2/41      AC:  5    Str:  6    XL:     7   Next: 15%
Magic:  18/18      EV: 18    Int: 20    God:
Gold:   250        SH:  5    Dex: 13    Spells: 17/18 levels left

rFire    . . .     SeeInvis +   (weapon restricted)
rCold    . . .     Gourm    .   (shield restricted)
rNeg     . . .     Faith    .   (armour unavailable)
rPois    +         Spirit   .   (no helmet)
rElec    .         Reflect  .   (no cloak)
rCorr    .         Harm     .   (no gloves)
MR       .....                  (no boots)
Stlth    +.........             (no amulet)
HPRegen  0.13/turn              m - ring of poison resistance
MPRegen  0.16/turn              r - ring of see invisible

@: flying evasively
A: small, magic attunement, unstealthy, unfitting armour, able to fly, AC/SH +5
a: Stop Flying


You were on level 4 of the Dungeon.
You were very hungry.

You visited 1 branch of the dungeon, and saw 4 of its levels.

You collected 250 gold pieces.

Inventory:

Jewellery
 m - a ring of poison resistance (left hand)
 q - an uncursed ring of fire
 r - a ring of see invisible (right hand)
Wands
 e - a wand of disintegration (6)
Scrolls
 a - a scroll of immolation
 d - 2 scrolls of enchant weapon
 j - 2 scrolls of remove curse
 k - a scroll of enchant armour
 o - 2 scrolls of magic mapping
Potions
 b - a potion of magic
 f - 2 potions of might
 g - 2 potions of curing
 h - a potion of berserk rage
 i - a potion of brilliance
 n - a potion of invisibility
Comestibles
 c - 7 rations {!d}


   Skills:
 + Level 5.0 Dodging
 - Level 1.5 Stealth
 * Level 6.1 Spellcasting
 * Level 7.3 Conjurations


You had 17 spell levels left.
You knew the following spells:

 Your Spells              Type           Power        Failure   Level  Hunger
a - Magic Dart            Conj           ####         1%          1    None

Your spell library contained the following spells:

 Spells                   Type           Power        Failure   Level  Hunger
 Searing Ray              Conj           #####.       1%          2    None
 Iskenderun's Mystic Bla  Conj           #####...     1%          3    None
 Fulminant Prism          Conj/Hex       ###.......   22%         4    None
 Irradiate                Conj/Tmut      ###.......   54%         5    None


Dungeon Overview and Level Annotations

Branches:
Dungeon (4/12)
 Temple: D:4-7

Altars:
Nemelex Xobeh


Innate Abilities, Weirdness & Mutations

Your spells do not cause hunger and MP costs are reduced by 1.
Your bright wings attract enemies. (Stealth-)
You cannot fit into any form of body armour.
Your shimmering scales are hard and can block incoming attacks. (AC +5, SH +5)
You are small and have problems with some larger weapons.
You can fly continuously.


Message History

The hippogriff is moderately wounded.
The hippogriff closely misses you. You block the hippogriff's attack.
The hippogriff claws you.
* * * LOW HITPOINT WARNING * * *
Casting: Magic Dart (safe; 1% risk of failure)
Confirm with . or Enter, or press ? or * to list all spells.
You don't know that spell.
Okay, then.
Casting: Magic Dart (safe; 1% risk of failure)
Confirm with . or Enter, or press ? or * to list all spells.
Aiming: Magic Dart (safe; 1% risk of failure)
Press: ? - help, Shift-Dir - straight line, f/p - hippogriff
Aim: a hippogriff (moderately wounded)
The magic dart hits the hippogriff.
The hippogriff is heavily wounded.
The hippogriff bites you but does no damage.
The hippogriff pecks you!
* * * LOW HITPOINT WARNING * * *
The hippogriff claws you.
You die...

# ## ## < .... .#
.#. .# .. ### #.##
#.####. ##.## ...
.
#.....H###._.###.#
#... #.@###.###..#
#... ##..#'#'#..##
#... #...###..##
#...
###..#..#######...
##..............
#.#......(.....
##.#.##.........
........###.....
#..####.# #.#...


You could see a hippogriff.

Vanquished Creatures
  An ogre (D:4)
  A scorpion (D:3)
  A crimson imp (D:4)
  A hound (D:3)
  2 centaur skeletons (D:4)
  An iguana (D:3)
  Terence (D:2)
  Natasha (twice) (D:3)
  4 gnolls (D:2)
  A howler monkey skeleton (D:4)
  An adder (D:3)
  2 worms (D:3)
  4 leopard geckos
  8 orcs
  4 bats
  2 giant cockroaches
  5 goblins
  8 hobgoblins
  9 jackals
  5 kobolds
  A quokka (D:3)
  3 frilled lizards
  5 rats
72 creatures vanquished.

Notes
Turn   | Place    | Note
-------+----------+-------------------------------------------
     0 | D:1      | Freyura the Fairy Conjurer began the quest for the Orb.
     0 | D:1      | Reached XP level 1. HP: 11/11 MP: 6/6
   127 | D:1      | Reached skill level 5 in Conjurations
   129 | D:1      | Reached XP level 2. HP: 17/17 MP: 8/8
   317 | D:1      | Reached XP level 3. HP: 21/21 MP: 9/9
   763 | D:2      | Reached XP level 4. HP: 15/27 MP: 11/11
  1389 | D:2      | Noticed Terence
  1400 | D:2      | Killed Terence
  1400 | D:2      | Reached skill level 6 in Conjurations
  1400 | D:2      | Reached XP level 5. HP: 29/31 MP: 13/13
  1615 | D:3      | Reached skill level 5 in Spellcasting
  1684 | D:3      | Reached XP level 6. HP: 36/36 MP: 15/15
  1721 | D:3      | Noticed Natasha
  1725 | D:3      | Killed Natasha
  1838 | D:3      | Noticed Natasha
  1847 | D:3      | Killed Natasha
  2359 | D:4      | Reached skill level 7 in Conjurations
  2368 | D:4      | Reached XP level 7. HP: 38/41 MP: 16/18
  2395 | D:4      | Reached skill level 5 in Dodging
  2426 | D:4      | Found a sparkling altar of Nemelex Xobeh.
  2435 | D:4      | Noticed a hippogriff
  2441 | D:4      | Slain by a hippogriff

Skill      XL: |  1  2  3  4  5  6  7 |
---------------+----------------------+-----
Conjurations   | 5 6 7 |  7.3
Spellcasting   | 3 4 5 6 |  6.1
Dodging        | 3 4 5 |  5.0
Stealth        | |  1.5

Action                   |  1- 3 |  4- 6 |  7- 9 || total
-------------------------+-------+-------+-------++-------
 Cast: Magic Dart        |    69 |   134 |    19 ||   222
  Use: Scroll            |     2 |    12 |       ||    14
       Potion            |       |     2 |       ||     2
  Eat: Chunk             |       |     3 |       ||     3
Armor: Skin              |     2 |     4 |     4 ||    10
Dodge: Dodged            |     7 |    23 |     7 ||    37
Block: Other             |     5 |     9 |     3 ||    17
